 Dungeon Crawl Stone Soup version 0.28-a0-804-g60983d4ba9 (webtiles) character file.

Game seed: 1114760061927639281

20 kae the Caller (level 2, 0/16 HPs)
             Began as a Tengu Summoner on Nov 7, 2021.
             Slain by a gnoll (6 damage)
             ... on level 1 of the Dungeon.
             The game lasted 00:01:22 (784 turns).

kae the Caller (Tengu Summoner)                      Turns: 784, Time: 00:01:23

Health: 0/16       AC:  5    Str:  8    XL:     2   Next: 79%
Magic:  4/6        EV: 10    Int: 15    God:
Gold:   24         SH:  0    Dex: 14    Spells: 4/5 levels left

rFire   . . .      SeeInvis .   c - staff of death
rCold   . . .      Faith    .   (no shield)
rNeg    + . .      Spirit   .   b - +0 ring mail
rPois   .          Reflect  .   (helmet restricted)
rElec   .          Harm     .   (no cloak)
rCorr   .          Rampage  .   (no gloves)
Will    .....                   (boots unavailable)
Stlth   +.........              (no amulet)
HPRegen 0.05/turn               (no ring)
MPRegen 0.10/turn               (no ring)

@: no status effects
A: beak, talons 3
a: no special abilities


You were on level 1 of the Dungeon.
You visited 1 branch of the dungeon, and saw 1 of its levels.

You collected 24 gold pieces.

Inventory:

Armour
 a - a +0 robe
 b - a +0 ring mail (worn)
Magical Staves
 c - a staff of death (weapon)
Scrolls
 d - a scroll of teleportation {unknown}
Potions
 e - 2 potions of degeneration {unknown}


   Skills:
 + Level 0.8 Fighting
 + Level 2.5 Dodging
 - Level 2.0 Stealth
 + Level 2.2 Spellcasting
 * Level 5.2 Summonings


You had 4 spell levels left.
You knew the following spells:

 Your Spells              Type           Power      Damage    Failure   Level
a - Summon Small Mammal   Summ           68%        N/A       8%          1

Your spell library contained the following spells:

 Spells                   Type           Power      Damage    Failure   Level
 Call Imp                 Summ           17%        N/A       12%         2
 Call Canine Familiar     Summ           17%        N/A       24%         3
 Summon Guardian Golem    Hex/Summ       9%         N/A       56%         3
 Summon Lightning Spire   Summ/Air       9%         N/A       92%         4


Dungeon Overview and Level Annotations

Branches:
Dungeon (1/15)

Altars:


Innate Abilities, Weirdness & Mutations

You have a beak for a mouth.
You have claws for feet.


Message History

The jackal misses you. The jackal bites you.
The goblin hits you but does no damage.
Your quokka completely misses the jackal.
The jackal closely misses you.
You hit the jackal. You peck the jackal.
You kill the jackal!
You hit the jackal.
You kill the jackal!
You barely miss the goblin. The goblin misses you.
Your quokka barely misses the goblin.
You closely miss the goblin. You claw the goblin.
The goblin is almost dead.
The goblin closely misses you.
Your quokka bites the goblin.
The goblin dies!
You see here a +0 club.
Your quokka disappears in a puff of smoke!
Found 19 stones.
You now have 21 gold pieces (gained 14).
You now have 24 gold pieces (gained 3).
You see here a +0 club.
Found a club.
A gnoll comes into view. It is wielding a +0 club.
A gnoll is nearby!
A gnoll is nearby!
The gnoll shouts!
Casting: Summon Small Mammal (safe; 8% risk of failure)
Confirm with . or Enter, or press ? or * to list all spells.
Your quokka bites the gnoll.
The gnoll hits your quokka with a +0 club!
Your quokka dies!
Your quokka's corpse disappears in a puff of smoke!
The gnoll hits you with a +0 club.
You see here a +0 club.
You hit the gnoll but do no damage. Your kick misses the gnoll.
The gnoll is moderately wounded.
The gnoll hits you with a +0 club.
Casting: Summon Small Mammal (safe; 8% risk of failure)
Confirm with . or Enter, or press ? or * to list all spells.
The gnoll hits you with a +0 club.
You die...

.....##.###........
###.# #..##...##...
#.. ##......#..#.
#. ####†..).... .
###....#.##.
#...#....##.
#.###....##.
#########.#
##......
#.g@......# #..#...
......b#########
#..####. ..#####
#.## #. ... #. (.##
## ###


You could see a gnoll (ally target) and a friendly bat (summoned).

Vanquished Creatures
  A hobgoblin (D:1)
  3 jackals (D:1)
  A quokka (D:1)
  A bat (D:1)
  2 kobolds (D:1)
  3 rats (D:1)
11 creatures vanquished.

Vanquished Creatures (collateral kills)
  A dart slug (D:1)
  A ball python (D:1)
  A giant cockroach (D:1)
  2 goblins (D:1)
5 creatures vanquished.

Grand Total: 16 creatures vanquished

Notes
Turn   | Place    | Note
-------+----------+-------------------------------------------
     0 | D:1      | kae the Tengu Summoner began the quest for the Orb.
     0 | D:1      | Reached XP level 1. HP: 10/10 MP: 4/4
    80 | D:1      | Reached skill level 5 in Summonings
    80 | D:1      | Reached XP level 2. HP: 7/16 MP: 4/6
   784 | D:1      | Slain by a gnoll

Illustrated notes

Levels and vault maps discovered:
D:1:      lightli_arrival_noodles, layout_rooms

Skill      XL: |  1 |
---------------+----+-----
Summonings     | 5 |  5.2
Fighting       | |  0.8
Dodging        | |  2.5
Stealth        | |  2.0
Spellcasting   | |  2.2

Action                   || total
-------------------------++-------
Melee: Staff             ||    34
       Kick              ||     5
       Peck              ||     4
 Cast: Summon Small Mamm ||    10
Armor: Ring mail         ||    23
Dodge: Dodged            ||    30

Table legend: (Time is in decaauts)
 A = Elapsed time spent in this place.
 B = Non-inter-level travel time spent in this place.
 C = Inter-level travel time spent in this place.
 D = Time resting spent in this place.
 E = Time spent auto-exploring this place.
 F = Levels seen in this place.
 G = Mean time per level.
                   A        B        C        D        E       F      G
               +--------+--------+--------+--------+--------+-----+--------+
         Total |    790 |    790 |      0 |      2 |    633 |   1 |  790.0 |
       Dungeon |    790 |    790 |      0 |      2 |    633 |   1 |  790.0 |
               +--------+--------+--------+--------+--------+-----+--------+

Top non-repeatable levels by time:
     D:1: 790 daAuts
